TOP OF THE 1ST |
Stanford Cardinal batting - Pitching for Kansas Jayhawks : RHP Ron Bartlett
|
Pitching: RHP Ron Bartlett
|
|
Batting: SHB Dave Henley
|
0-0: Ball 1-0: SINGLE (Groundball, 56D)
|
Batting: LHB Alberto Roberts
|
0-0: Ball 1-0: Ball 2-0: Ball 3-0: Called Strike 3-1: Base on Balls Dave Henley to second
|
Batting: LHB Frank Young
|
0-0: Called Strike 0-1: Foul Ball, location: 2F 0-2: Foul Ball, location: 2F 0-2: Strikes out looking
|
Batting: RHB Carlos Franco
|
0-0: Called Strike 0-1: Ball 1-1: Called Strike 1-2: Strikes out swinging
|
Batting: LHB Geoffrey Bird
|
0-0: Called Strike 0-1: Ball 1-1: Swinging Strike 1-2: Ball 2-2: Ball 3-2: Strikes out swinging
|
Top of the 1st over - 0 run(s), 1 hit(s), 0 error(s), 2 left on base; Stanford 0 - Kansas 0 |
BOTTOM OF THE 1ST |
Kansas Jayhawks batting - Pitching for Stanford Cardinal : RHP Daniel Carter
|
Pitching: RHP Daniel Carter
|
|
Batting: SHB Rudy Ryan
|
0-0: Foul Ball, location: 2F 0-1: Ball 1-1: Fly out, F5 (Popup, 5SF)
|
Batting: RHB Domingo Hernández
|
0-0: Swinging Strike 0-1: SINGLE (Line Drive, 7S)
|
Batting: LHB Greg Nelson
|
0-0: Foul Ball, location: 2F 0-1: Swinging Strike 0-2: Strikes out swinging
|
Batting: LHB Robert Moore
|
0-0: Swinging Strike 0-1: Foul Ball, location: 2F 0-2: Strikes out swinging
|
Bottom of the 1st over - 0 run(s), 1 hit(s), 0 error(s), 1 left on base; Stanford 0 - Kansas 0 |
TOP OF THE 2ND |
Stanford Cardinal batting - Pitching for Kansas Jayhawks : RHP Ron Bartlett
|
Batting: SHB Barney Hudson
|
0-0: Called Strike 0-1: Swinging Strike 0-2: Foul Ball, location: 2F 0-2: Strikes out swinging
|
Batting: RHB Foster Robinson
|
0-0: Ball 1-0: Called Strike 1-1: Reached on error, E4 (Groundball, 4)
|
Batting: LHB Roderick Delgado
|
0-0: Called Strike 0-1: Swinging Strike 0-2: Foul Ball, location: 2F 0-2: Foul Ball, location: 2F 0-2: Ball 1-2: Strikes out swinging
|
Batting: LHB Caleb Hall
|
0-0: Called Strike 0-1: Ball 1-1: Swinging Strike 1-2: SINGLE (Line Drive, 6D) Foster Robinson to second
|
Batting: SHB Dave Henley
|
0-0: Called Strike 0-1: Foul Ball, location: 2F 0-2: Ball 1-2: Ball 2-2: Strikes out looking
|
Top of the 2nd over - 0 run(s), 1 hit(s), 1 error(s), 2 left on base; Stanford 0 - Kansas 0 |
BOTTOM OF THE 2ND |
Kansas Jayhawks batting - Pitching for Stanford Cardinal : RHP Daniel Carter
|
Batting: LHB Juan Mendoza
|
0-0: Called Strike 0-1: Ball 1-1: Ball 2-1: Foul Ball, location: 2F 2-2: Fly out, F9 (Flyball, 9M)
|
Batting: LHB Milo Powers
|
0-0: Called Strike 0-1: Foul Ball, location: 2F 0-2: Ball 1-2: Ball 2-2: Ball 3-2: Fly out, F8 (Flyball, 8LD)
|
Batting: RHB David Milligan
|
0-0: Called Strike 0-1: Called Strike 0-2: Ball 1-2: Strikes out swinging
|
Bottom of the 2nd over - 0 run(s), 0 hit(s), 0 error(s), 0 left on base; Stanford 0 - Kansas 0 |
TOP OF THE 3RD |
Stanford Cardinal batting - Pitching for Kansas Jayhawks : RHP Ron Bartlett
|
Batting: LHB Alberto Roberts
|
0-0: Foul Ball, location: 2F 0-1: Foul Ball, location: 2F 0-2: Foul Ball, location: 2F 0-2: Ball 1-2: Strikes out looking
|
Batting: LHB Frank Young
|
0-0: Foul Ball, location: 2F 0-1: Ball 1-1: Foul Ball, location: 2F 1-2: Foul Ball, location: 2F 1-2: Strikes out swinging
|
Batting: RHB Carlos Franco
|
0-0: Ball 1-0: Fly out, F8 (Flyball, 8RM)
|
Top of the 3rd over - 0 run(s), 0 hit(s), 0 error(s), 0 left on base; Stanford 0 - Kansas 0 |
BOTTOM OF THE 3RD |
Kansas Jayhawks batting - Pitching for Stanford Cardinal : RHP Daniel Carter
|
Batting: RHB Nicholas Harris
|
0-0: Ball 1-0: Called Strike 1-1: Foul Ball, location: 2F 1-2: Foul Ball, location: 2F 1-2: Ball 2-2: Strikes out swinging
|
Batting: LHB John Christopher
|
0-0: SOLO HOME RUN (Flyball, 9D), Distance : 345 ft
|
Batting: SHB Rudy Ryan
|
0-0: Foul Ball, location: 2F 0-1: Swinging Strike 0-2: Ball 1-2: Ball 2-2: Ball 3-2: Ground out 4-3 (Groundball, 4)
|
Batting: RHB Domingo Hernández
|
0-0: Ball 1-0: Ground out 1-3 (Groundball, 25)
|
Bottom of the 3rd over - 1 run(s), 1 hit(s), 0 error(s), 0 left on base; Stanford 0 - Kansas 1 |
TOP OF THE 4TH |
Stanford Cardinal batting - Pitching for Kansas Jayhawks : RHP Ron Bartlett
|
Batting: LHB Geoffrey Bird
|
0-0: DOUBLE (Flyball, 9LM)
|
Batting: SHB Barney Hudson
|
0-0: Ball 1-0: Foul Ball, location: 2F 1-1: Ball 2-1: Foul Ball, location: 2F 2-2: DOUBLE (Groundball, 3L) Geoffrey Bird scores
|
Batting: RHB Foster Robinson
|
0-0: Ball 1-0: Ball 2-0: Ball 3-0: Base on Balls
|
Batting: LHB Roderick Delgado
|
0-0: Swinging Strike 0-1: Called Strike 0-2: Foul Ball, location: 2F 0-2: Foul Ball, location: 2F 0-2: Foul Ball, location: 2F 0-2: Ball 1-2: Strikes out looking
|
Batting: LHB Caleb Hall
|
0-0: Ball 1-0: Called Strike 1-1: Called Strike 1-2: Strikes out swinging
|
Batting: SHB Dave Henley
|
0-0: Ball 1-0: Swinging Strike 1-1: Foul Ball, location: 2F 1-2: DOUBLE (Flyball, 7LM) Barney Hudson scores Foster Robinson to third Runner from 3rd tries for Home, SAFE, throw made home
|
Pitching: LHP Zack González
|
|
Batting: LHB Alberto Roberts
|
0-0: Called Strike 0-1: Fly out, F5 (Popup, 25)
|
Top of the 4th over - 3 run(s), 3 hit(s), 0 error(s), 1 left on base; Stanford 3 - Kansas 1 |
BOTTOM OF THE 4TH |
Kansas Jayhawks batting - Pitching for Stanford Cardinal : RHP Daniel Carter
|
Batting: LHB Greg Nelson
|
0-0: Ball 1-0: Ground out 3-1 (Groundball, 34)
|
Batting: LHB Robert Moore
|
0-0: Swinging Strike 0-1: Ball 1-1: TRIPLE (Groundball, 3L)
|
Batting: LHB Juan Mendoza
|
0-0: Called Strike 0-1: Foul Ball, location: 2F 0-2: SINGLE (Groundball, 13) (infield hit) Robert Moore scores
|
Batting: LHB Milo Powers
|
0-0: Ball 1-0: Foul Ball, location: 2F 1-1: Foul Ball, location: 2F 1-2: Ball 2-2: Fielders Choice at 2nd, 1-6 (Groundball, 25)
|
Batting: RHB David Milligan
|
0-0: Called Strike 0-1: Called Strike 0-2: Strikes out swinging
|
Bottom of the 4th over - 1 run(s), 2 hit(s), 0 error(s), 1 left on base; Stanford 3 - Kansas 2 |
TOP OF THE 5TH |
Stanford Cardinal batting - Pitching for Kansas Jayhawks : LHP Zack González
|
Batting: LHB Frank Young
|
0-0: Ball 1-0: Called Strike 1-1: Ball 2-1: Called Strike 2-2: Foul Ball, location: 2F 2-2: Strikes out looking
|
Batting: RHB Carlos Franco
|
0-0: Ball 1-0: Called Strike 1-1: Ball 2-1: Foul Ball, location: 2F 2-2: Ball 3-2: Strikes out swinging
|
Batting: LHB Geoffrey Bird
|
0-0: Swinging Strike 0-1: Foul Ball, location: 2F 0-2: Ball 1-2: Foul Ball, location: 2F 1-2: Ground out 6-3 (Groundball, 6)
|
Top of the 5th over - 0 run(s), 0 hit(s), 0 error(s), 0 left on base; Stanford 3 - Kansas 2 |
BOTTOM OF THE 5TH |
Kansas Jayhawks batting - Pitching for Stanford Cardinal : RHP Daniel Carter
|
Batting: RHB Nicholas Harris
|
0-0: Swinging Strike 0-1: Called Strike 0-2: Ground out 5-3 (Groundball, 56S)
|
Batting: LHB John Christopher
|
0-0: Ball 1-0: Ball 2-0: Called Strike 2-1: Ball 3-1: SINGLE (Groundball, 6M)
|
Batting: SHB Rudy Ryan
|
0-0: Called Strike 0-1: Swinging Strike 0-2: SINGLE (Groundball, 3L) John Christopher to second John Christopher to third
|
Batting: RHB Domingo Hernández
|
0-0: Ball Rudy Ryan is caught stealing 2nd base 1-0: Ground out 6-3 (Groundball, 6)
|
Bottom of the 5th over - 0 run(s), 2 hit(s), 0 error(s), 1 left on base; Stanford 3 - Kansas 2 |
TOP OF THE 6TH |
Stanford Cardinal batting - Pitching for Kansas Jayhawks : LHP Zack González
|
Batting: SHB Barney Hudson
|
0-0: Ball 1-0: Swinging Strike 1-1: Called Strike 1-2: Strikes out looking
|
Batting: RHB Foster Robinson
|
0-0: SINGLE (Groundball, 4MS)
|
Batting: LHB Roderick Delgado
|
0-0: Foul Ball, location: 2F 0-1: Ball 1-1: Called Strike 1-2: Strikes out looking
|
Batting: LHB Caleb Hall
|
0-0: Fly out, F8 (Flyball, 8RM)
|
Top of the 6th over - 0 run(s), 1 hit(s), 0 error(s), 1 left on base; Stanford 3 - Kansas 2 |
BOTTOM OF THE 6TH |
Kansas Jayhawks batting - Pitching for Stanford Cardinal : RHP Daniel Carter
|
Batting: LHB Greg Nelson
|
0-0: Ball 1-0: Foul Ball, location: 2F 1-1: Foul Ball, location: 2F 1-2: Strikes out swinging
|
Batting: LHB Robert Moore
|
0-0: Called Strike 0-1: Ball 1-1: Foul Ball, location: 2F 1-2: Strikes out looking
|
Batting: LHB Juan Mendoza
|
0-0: Ball 1-0: Ball 2-0: Swinging Strike 2-1: Ground out 4-3 (Groundball, 34)
|
Bottom of the 6th over - 0 run(s), 0 hit(s), 0 error(s), 0 left on base; Stanford 3 - Kansas 2 |
TOP OF THE 7TH |
Stanford Cardinal batting - Pitching for Kansas Jayhawks : LHP Zack González
|
Pitching: LHP Jake Long
|
|
Batting: SHB Dave Henley
|
0-0: Swinging Strike 0-1: Foul Ball, location: 2F 0-2: Ball 1-2: Ball 2-2: Strikes out looking
|
Batting: LHB Alberto Roberts
|
0-0: Called Strike 0-1: Foul Ball, location: 2F 0-2: Ball 1-2: Ball 2-2: Foul Ball, location: 2F 2-2: Ball 3-2: Strikes out swinging
|
Batting: LHB Frank Young
|
0-0: Ball 1-0: Called Strike 1-1: Ball 2-1: Ball 3-1: Foul Ball, location: 2F 3-2: Strikes out looking
|
Top of the 7th over - 0 run(s), 0 hit(s), 0 error(s), 0 left on base; Stanford 3 - Kansas 2 |
BOTTOM OF THE 7TH |
Kansas Jayhawks batting - Pitching for Stanford Cardinal : RHP Daniel Carter
|
Pitching: LHP Robert Cochran
|
|
Batting: LHB Milo Powers
|
0-0: Foul Ball, location: 2F 0-1: Ball 1-1: Ground out U3 (Groundball, 3)
|
Batting: RHB David Milligan
|
0-0: Called Strike 0-1: Ball 1-1: Ground out 6-3 (Groundball, 6M)
|
Batting: RHB Nicholas Harris
|
0-0: Ball 1-0: Swinging Strike 1-1: Foul Ball, location: 2F 1-2: Ball 2-2: Strikes out swinging
|
Bottom of the 7th over - 0 run(s), 0 hit(s), 0 error(s), 0 left on base; Stanford 3 - Kansas 2 |
TOP OF THE 8TH |
Stanford Cardinal batting - Pitching for Kansas Jayhawks : LHP Jake Long
|
Batting: RHB Carlos Franco
|
0-0: Foul Ball, location: 2F 0-1: Foul Ball, location: 2F 0-2: Ball 1-2: Strikes out swinging
|
Batting: LHB Geoffrey Bird
|
0-0: Ball 1-0: Swinging Strike 1-1: Foul Ball, location: 2F 1-2: Ground out 5-3 (Groundball, 56)
|
Batting: SHB Barney Hudson
|
0-0: Ball 1-0: Called Strike 1-1: Ball 2-1: Ball 3-1: Foul Ball, location: 2F 3-2: Base on Balls
|
Pitching: LHP Tom Duke
|
|
Batting: RHB Foster Robinson
|
0-0: Ball 1-0: Ball 2-0: Called Strike 2-1: Called Strike 2-2: Ball 3-2: Base on Balls Barney Hudson to second
|
Batting: LHB Roderick Delgado
|
0-0: Ball 1-0: Called Strike 1-1: Ball 2-1: Fly out, F7 (Flyball, 78M)
|
Top of the 8th over - 0 run(s), 0 hit(s), 0 error(s), 2 left on base; Stanford 3 - Kansas 2 |
BOTTOM OF THE 8TH |
Kansas Jayhawks batting - Pitching for Stanford Cardinal : LHP Robert Cochran
|
Now at 1B: António García
|
|
Batting: LHB John Christopher
|
0-0: Ball 1-0: Called Strike 1-1: Swinging Strike 1-2: Ball 2-2: Strikes out swinging
|
Batting: SHB Rudy Ryan
|
0-0: Foul Ball, location: 2F 0-1: Foul Ball, location: 2F 0-2: Ball 1-2: Strikes out looking
|
Pitching: RHP Tom Newell
|
|
Batting: RHB Domingo Hernández
|
0-0: Ball 1-0: Swinging Strike 1-1: SINGLE (Line Drive, 6D)
|
Batting: LHB Greg Nelson
|
0-0: Ball 1-0: Called Strike 1-1: SINGLE (Groundball, 4MD) Domingo Hernández to second Runner from 2nd tries for 3rd, SAFE, throw made to third
|
Batting: LHB Robert Moore
|
0-0: Ball 1-0: Called Strike 1-1: Swinging Strike 1-2: Ball 2-2: Foul Ball, location: 2F 2-2: Fly out, F7 (Flyball, 7LM)
|
Bottom of the 8th over - 0 run(s), 2 hit(s), 0 error(s), 2 left on base; Stanford 3 - Kansas 2 |
TOP OF THE 9TH |
Stanford Cardinal batting - Pitching for Kansas Jayhawks : LHP Tom Duke
|
Pitching: RHP William Houston
|
|
Batting: LHB Caleb Hall
|
0-0: Fly out, F8 (Popup, 4MD)
|
Batting: SHB Dave Henley
|
0-0: DOUBLE (Line Drive, 7LM)
|
Batting: LHB Alberto Roberts
|
0-0: Called Strike 0-1: DOUBLE (Flyball, 89M) Dave Henley scores
|
Batting: LHB Frank Young
|
0-0: Intentional Walk
|
Batting: RHB Carlos Franco
|
0-0: Called Strike 0-1: Ball 1-1: Swinging Strike 1-2: Strikes out swinging
|
Batting: LHB Geoffrey Bird
|
0-0: Ball 1-0: Ball 2-0: Fielders Choice at 2nd, 6-4 (Groundball, 6)
|
Top of the 9th over - 1 run(s), 2 hit(s), 0 error(s), 1 left on base; Stanford 4 - Kansas 2 |
BOTTOM OF THE 9TH |
Kansas Jayhawks batting - Pitching for Stanford Cardinal : RHP Tom Newell
|
Pitching: LHP Miguel Muñíz
|
|
Batting: LHB Juan Mendoza
|
0-0: Called Strike 0-1: Swinging Strike 0-2: Foul Ball, location: 2F 0-2: Foul Ball, location: 2F 0-2: Strikes out looking
|
Batting: LHB Milo Powers
|
0-0: Called Strike 0-1: Called Strike 0-2: Ball 1-2: Strikes out looking
|
Batting: RHB David Milligan
|
0-0: Swinging Strike 0-1: Foul Ball, location: 2F 0-2: Ground out 5-3 (Groundball, 56S)
|
Bottom of the 9th over - 0 run(s), 0 hit(s), 0 error(s), 0 left on base; Stanford 4 - Kansas 2 |
|